 Dungeon Sprint DCSS version 0.28.0-43-g3370ac3207 (webtiles) character file.

Game seed: 17499913040887997164

14169 boopmooplesden the Fencer (level 11, -10/111 HPs)
             Began as a Minotaur Berserker on Mar 8, 2022.
             Was the Champion of Trog.
             Killed by divine providence
             ... invoked by a deep elf high priest
              (15 damage)
             ... in the Dungeon (Sprint II: "The Violet Keep of Menkaure").
             The game lasted 00:06:18 (2581 turns).

boopmooplesden the Fencer (Minotaur Berserker)      Turns: 2581, Time: 00:06:18

Health: -10/111    AC: 24    Str: 19    XL:     11   Next: 85%
Magic:  19/19      EV: 12    Int:  2    God:    Trog [******]
Gold:   636        SH:  0    Dex: 13    Spells: 10/10 levels left

rFire   . . .      SeeInvis .   m - +6 great sword
rCold   + . .      Faith    .   (shield currently unavailable)
rNeg    . . .      Spirit   .   i - +2 chain mail {rC+}
rPois   .          Reflect  .   (helmet restricted)
rElec   .          Harm     .   d - +4 cloak "Efufeb" {MP+9}
rCorr   .          Rampage  .   (no gloves)
Will    .....      NoTele   +   j - +1 pair of boots
Stlth   ..........              (no amulet)
HPRegen 0.28/turn               (no ring)
MPRegen 0.16/turn               (no ring)

@: on berserk cooldown, slowed, very slow
A: horns 2, retaliatory headbutt, talons 1, dopey 1, frail 1, weak 2
a: Renounce Religion, Berserk, Trog's Hand, Brothers in Arms


You were in the Dungeon.
You worshipped Trog.
Trog was exalted by your worship.
You visited 1 branch You collected 1459 gold pieces.
You spent 823 gold pieces at shops.

Inventory:

Hand Weapons
 a - a +0 falchion
 k - a +4 long sword of venom
 l - a +6 long sword
 m - a +6 great sword (weapon)
Armour
 b - a +0 animal skin
 d - the +4 cloak "Efufeb" (worn) {MP+9}
   (You bought it in a shop in the Dungeon)

   MP:        It affects your magic capacity (+9).
 i - a +2 chain mail of cold resistance (worn)
 j - a +1 pair of boots (worn)
 n - a +0 troll leather armour
Jewellery
 x - a +4 ring of protection
Scrolls
 h - 4 scrolls of blinking
 o - 2 scrolls of fog
 r - 2 scrolls of fear
Potions
 c - 3 potions of curing
 e - a potion of haste
 f - 7 potions of magic
 g - a potion of berserk rage
 s - a potion of attraction
 t - a potion of degeneration
 u - 2 potions of flight
 w - 3 potions of resistance
 z - 2 potions of lignification
Miscellaneous
 p - a phantom mirror


   Skills:
 + Level 20.2 Fighting
 + Level 20.6 Long Blades
 + Level 17.1 Armour
 + Level 11.5 Dodging
 + Level 3.7 Stealth


You had 10 spell levels left.
You didn't know any spells.
Your spell library was empty.

Dungeon Overview and Level Annotations

Branches:
Dungeon (1/1)

Altars:
Cheibriados
Dithmenos
Elyvilon
Fedhas
Gozag
Hepliaklqana
Kikubaaqudgha
Makhleb
Nemelex Xobeh
Okawaru
Qazlal
Ru
Sif Muna
Trog
Uskayaw
Vehumet
Wu Jian
Xom
Yredelemnul
Zin
The Shining One
Beogh
Jiyva
Lugonu

Shops:
D [::(==[?*?([[!!

Annotations:
D exclusions: ice statue and oklob plant, Roxanne


Innate Abilities, Weirdness & Mutations

You have a pair of horns on your head.
You reflexively headbutt those who attack you in melee.
You have sharp toenails.
You are dopey. (Int -2)
You are frail. (-10% HP)
You are very weak. (Str -4)


Message History

Your Fighting skill increases to level 20!
You slash the storm dragon!
The storm dragon is lightly wounded.
The storm dragon bites you but does no damage.
The storm dragon claws you but does no damage.
The storm dragon closely misses you.
You slice the storm dragon!!
The storm dragon is heavily wounded.
The storm dragon misses you. The storm dragon closely misses you.
The storm dragon tramples you!
* * * LOW HITPOINT WARNING * * *
You stumble backwards!
You carve the storm dragon like a ham!!!
You kill the storm dragon!
Trog accepts your kill. The golden dragon closely misses you.
The golden dragon claws you but does no damage.
The golden dragon tramples you but does no damage.
Your Armour skill increases to level 17!
You slice the golden dragon!!
The golden dragon is moderately wounded.
You slash the golden dragon! You headbutt the golden dragon.
The golden dragon is heavily wounded.
You are no longer berserk.
You are exhausted.
You feel yourself slow down. The golden dragon breathes fire at you.
The bolt of fire hits you!!
* * * LOW HITPOINT WARNING * * *
You barely miss the golden dragon.
The golden dragon is heavily wounded.
The golden dragon misses you. You furiously retaliate!
You headbutt the golden dragon, but do no damage.
The golden dragon claws you but does no damage.
The golden dragon tramples you but does no damage.
You slice the golden dragon!!
The golden dragon is severely wounded.
The deep elf high priest invokes the aid of its god against you.
Something smites you!
You die...

*,,.eDD....≈##≈≈≈≈°°≈**,≈,,,,,
############≈≈#'''#+++##***,,,,
###########≈≈≈.........#,,+,,^,
##........#≈≈≈≈.##'##..#,,***#.
##...⌠....#≈≈≈≈####)##.####,,+.
##..∩.∩...#≈≈≈≈#..##)#,...#,,*.
##.∩.∩.∩..#≈≈####..)####..##**#
##∩.∩.∩...#≈#e.###'###.##..#,,+
##.∩...∩.∩#≈#D@.##.##...#..#,,#
##∩.....∩.'≈'##.'.<.'##.'..####
##.......∩#≈#....#.##...#....##
#▓▓▓▓▓▓▓###≈##.##.'###.##.§§...
##|GG######≈≈####...####§≈.....
#!$G#J,+,##≈≈≈#..#).#≈§§≈≈≈§..
#∩P)+.$*+*#'#≈##...##≈≈§≈≈§≈≈.
#))$*[**,*#.#≈≈##+##≈≈≈§§§≈≈≈≈
#!.,***,,,####≈≈≈≈≈≈≈≈≈§§§§§≈≈


You could see a golden dragon (catching breath) and a deep elf high priest.

Vanquished Creatures
  A bone dragon (D)
  A kraken (D)
  Kirke (D)
  A storm dragon (D)
  A cacodemon (D)
  A yaktaur captain (D)
  2 boulder beetles (D)
  A centaur warrior (D)
  A skeletal warrior (D)
  2 deep trolls (D)
  A merfolk siren (D)
  An elephant (D)
  A yaktaur (D)
  3 polar bears (D)
  A hornet (D)
  12 flying skulls (D)
  A wyvern (D)
  4 neqoxecs (D)
  Menkaure (D)
  5 water moccasins (D)
  4 necrophages (D)
  A scorpion (D)
  4 tentacles (D)
51 creatures vanquished.

Vanquished Creatures (others)
  A kobold demonologist (D)
  A wyvern (D)
  23 tentacles (D)
25 creatures vanquished.

Grand Total: 76 creatures vanquished

Notes
Turn   | Place    | Note
-------+----------+-------------------------------------------
     0 | D        | boopmooplesden the Minotaur Berserker began the quest for
                  | the Orb.
     0 | D        | Reached XP level 1. HP: 19/19 MP: 0/0
     1 | D        | Noticed a necrophage
     1 | D        | Noticed a necrophage
     1 | D        | Noticed a necrophage
     1 | D        | Noticed a necrophage
     6 | D        | Killed a necrophage
     7 | D        | Reached XP level 2. HP: 34/34 MP: 1/1
     7 | D        | Reached XP level 3. HP: 39/39 MP: 2/2
     7 | D        | Reached XP level 4. HP: 47/47 MP: 3/3
    10 | D        | Noticed Menkaure
    12 | D        | Killed a necrophage
    13 | D        | Reached XP level 5. HP: 57/57 MP: 4/4
    17 | D        | Killed Menkaure
    17 | D        | Reached ** piety under Trog
    18 | D        | Reached skill level 10 in Fighting
    18 | D        | Reached skill level 5 in Armour
    18 | D        | Reached skill level 5 in Dodging
    18 | D        | Reached XP level 6. HP: 11/66 MP: 5/5
    21 | D        | Reached skill level 10 in Long Blades
   241 | D        | Noticed a neqoxec
   241 | D        | Noticed a neqoxec
   241 | D        | Noticed a neqoxec
   241 | D        | Noticed a neqoxec
   246 | D        | Killed a neqoxec
   246 | D        | Reached *** piety under Trog
   247 | D        | Reached XP level 7. HP: 66/77 MP: 6/6
   248 | D        | Gained mutation: You are weak. (Str -2) [a neqoxec]
   252 | D        | Killed a neqoxec
   254 | D        | Killed a neqoxec
   260 | D        | Killed a neqoxec
   260 | D        | Reached **** piety under Trog
   331 | D        | Noticed a merfolk siren
   348 | D        | Killed a merfolk siren
   349 | D        | Reached XP level 8. HP: 89/89 MP: 7/7
   355 | D        | Noticed a boulder beetle
   355 | D        | Noticed a boulder beetle
   366 | D        | Found Qoib's Distillery.
   367 | D        | Found Leawaorch's Distillery.
   367 | D        | Found Gihiuk's Antique Armour Shop.
   367 | D        | Found Memos's Magic Scroll Boutique.
   367 | D        | Found Qarghuica's Weapon Boutique.
   367 | D        | Found Ymmoupig's Magic Scroll Shop.
   367 | D        | Found Anaiw's General Store.
   368 | D        | Found Iloradgh's Armour Boutique.
   368 | D        | Found Raikhlek's Antique Armour Shop.
   368 | D        | Found Voxtugg's Jewellery Boutique.
   368 | D        | Noticed a shining eye
   371 | D        | Found Wiejufus's Jewellery Shop.
   371 | D        | Found Egorhipu's Antique Weapon Boutique.
   371 | D        | Noticed a shining eye
   371 | D        | Noticed a shining eye
   371 | D        | Noticed an oklob plant
   372 | D        | Found Camiqe's Book Shop.
   372 | D        | Found Voson's Armour Boutique.
   372 | D        | Found Asaezeomm's Book Shoppe.
   490 | D        | Noticed a great orb of eyes
   492 | D        | Bought a twisted cloak for 275 gold pieces
   492 | D        | Identified the +4 cloak "Efufeb" {MP+9} (You bought it in a
                  | shop in the Dungeon)
   493 | D        | Noticed a slime creature
   493 | D        | Noticed a slime creature
   498 | D        | Bought a +1 chain mail of cold resistance for 231 gold
                  | pieces
   498 | D        | Bought a +1 pair of boots for 161 gold pieces
   519 | D        | Bought a runed long sword for 156 gold pieces
   584 | D        | Killed a boulder beetle
   585 | D        | Reached skill level 15 in Fighting
   585 | D        | Reached skill level 15 in Long Blades
   585 | D        | Reached skill level 1 in Stealth
   585 | D        | Reached XP level 9. HP: 97/97 MP: 8/8
   593 | D        | Killed a boulder beetle
   753 | D        | Reached ***** piety under Trog
   763 | D        | Noticed Roxanne
   773 | D        | Found a snail-covered altar of Cheibriados.
   774 | D        | Found a shadowy altar of Dithmenos.
   774 | D        | Found a viscous altar of Jiyva.
   775 | D        | Found a white marble altar of Elyvilon.
   775 | D        | Found an ancient bone altar of Kikubaaqudgha.
   776 | D        | Found a blossoming altar of Fedhas.
   776 | D        | Found a corrupted altar of Lugonu.
   776 | D        | Found a shimmering blue altar of Sif Muna.
   777 | D        | Found an opulent altar of Gozag.
   777 | D        | Found a burning altar of Makhleb.
   777 | D        | Found a bloodstained altar of Trog.
   778 | D        | Found a sparkling altar of Nemelex Xobeh.
   778 | D        | Found a hide-covered altar of Uskayaw.
   780 | D        | Found an iron altar of Okawaru.
   780 | D        | Found a radiant altar of Vehumet.
   780 | D        | Found a glowing silver altar of Zin.
   784 | D        | Noticed a yaktaur
   784 | D        | Noticed a polar bear
   784 | D        | Noticed a polar bear
   787 | D        | Killed a polar bear
   788 | D        | Noticed a polar bear
   795 | D        | Killed a polar bear
   802 | D        | Killed a polar bear
   809 | D        | Killed a yaktaur
   899 | D        | Found a basalt altar of Yredelemnul.
   905 | D        | Noticed a kraken
   916 | D        | Received a gift from Trog
   917 | D        | Reached XP level 10. HP: 110/111 MP: 9/9
  1341 | D        | Killed a kraken
  1342 | D        | Reached skill level 10 in Armour
  1342 | D        | Reached skill level 10 in Dodging
  1414 | D        | Found a shimmering altar of Xom.
  1414 | D        | Found a sacrificial altar of Ru.
  1415 | D        | Found a glowing golden altar of the Shining One.
  1415 | D        | Found an ornate altar of the Wu Jian Council.
  1415 | D        | Found a stormy altar of Qazlal.
  1424 | D        | Found a hazy altar of Hepliaklqana.
  1580 | D        | Reached ****** piety under Trog
  1585 | D        | Received a gift from Trog
  1885 | D        | Noticed a deep troll
  1885 | D        | Noticed a deep troll
  1889 | D        | Killed a deep troll
  1900 | D        | Killed a deep troll
  1901 | D        | Reached XP level 11. HP: 47/121 MP: 10/10
  2172 | D        | Noticed Kirke
  2172 | D        | Noticed a yaktaur captain
  2172 | D        | Noticed a skeletal warrior
  2172 | D        | Noticed a centaur warrior
  2188 | D        | Killed a skeletal warrior
  2188 | D        | Received a gift from Trog
  2194 | D        | Killed a yaktaur captain
  2199 | D        | Killed Kirke
  2200 | D        | Reached skill level 15 in Armour
  2338 | D        | Killed a centaur warrior
  2541 | D        | Noticed a cacodemon
  2541 | D        | Noticed a bone dragon
  2542 | D        | Noticed a deep elf high priest
  2542 | D        | Noticed a golden dragon
  2546 | D        | Gained mutation: You are frail. (-10% HP) [a cacodemon]
  2548 | D        | Gained mutation: You are dopey. (Int -2) [a cacodemon]
  2562 | D        | Noticed a storm dragon
  2565 | D        | Gained mutation: You are very weak. (Str -4) [a cacodemon]
  2567 | D        | Killed a bone dragon
  2572 | D        | Gained mutation: You have sharp toenails. [a cacodemon]
  2573 | D        | Killed a cacodemon
  2573 | D        | Received a gift from Trog
  2577 | D        | Killed a storm dragon
  2579 | D        | HP: 4/111 [golden dragon/bolt of fire (28)]
  2581 | D        | Killed from afar by a deep elf high priest

Illustrated notes

Levels and vault maps discovered:
D:        the_violet_keep_of_menkaure [sprint2_stairs_cluster_1,
          sprint2_shoproom, sprint2_temple, sprint2_basic_supplies,
          sprint2_obstacle_6, sprint2_obstacle_1, sprint2_obstacle_2,
          sprint2_obstacle_3, sprint2_obstacle_4, sprint2_timed_cluster_1,
          sprint2_smallroom_cluster_1, sprint2_smallroom_final_cluster_1,
          sprint2_transparent_cluster_1, sprint2_second_timed_cluster_1,
          sprint2_sniper_area_1, sprint2_heavy_combat_area_1,
          sprint2_mutation_trap_area_1, sprint2_forest_area_1,
          sprint2_light_combat_area_1, sprint2_behind_water_1,
          sprint2_near_end_vault_1]

Skill      XL: |  1  2  3  4  5  6  7  8  9 10 11 |
---------------+----------------------------------+-----
Fighting       | 7 9 10 12 14 15 17 18 20 | 20.2
Long Blades    | 7 9 11 14 15 17 18 20 | 20.6
Armour         | 4 5 6 7 9 13 17 | 17.1
Dodging        | 3 4 5 6 7 8 9 10 11 | 11.5
Stealth        | 1 2 3 |  3.7

Action                   |  1- 3 |  4- 6 |  7- 9 | 10-12 || total
-------------------------+-------+-------+-------+-------++-------
Melee: Falchion          |     4 |    23 |    39 |       ||    66
       Headbutt          |     1 |     6 |    21 |    24 ||    52
       Punch             |       |     1 |     2 |       ||     3
       Long sword        |       |       |    45 |   130 ||   175
       Great sword       |       |       |       |    53 ||    53
Invok: Berserk           |     1 |       |     2 |     5 ||     8
  Use: Potion            |       |     1 |       |     2 ||     3
       Scroll            |       |       |       |    10 ||    10
Armor: Chain mail        |       |       |    33 |   104 ||   137
Dodge: Dodged            |     2 |    11 |    34 |    89 ||   136
